 Dungeon Crawl Stone Soup version 0.31-a0-640-g39d97e502b (webtiles) character file.

Game seed: 7821115986759789214

24 avis the Chopper (level 3, -1/31 HPs)
             Began as a Hill Orc Monk on Aug 28, 2023.
             Slain by a kobold
             ... wielding a +1 dagger of electrocution
              (4 damage)
             ... on level 1 of the Dungeon.
             The game lasted 00:02:03 (511 turns).

avis the Chopper (Hill Orc Monk)                     Turns: 511, Time: 00:02:04

Health: -1/31      AC:  3    Str: 15    XL:     3   Next: 2%
Magic:  3/3        EV: 12    Int: 10    God:
Gold:   0          SH:  0    Dex: 13    Spells: 2/2 levels left

rFire   . . .        a - +0 hand axe
rCold   . . .        d - orb {light}
rNeg    . . .        i - +0 leather armour
rPois   .            (no helmet)
rElec   .            (no cloak)
rCorr   .            (no gloves)
SInv    .            (no boots)
Will    .....        (no amulet)
Stlth   +            (no ring)
HPRegen 0.25/turn    (no ring)
MPRegen 0.08/turn

%: no passive effects
@: glowing
A: no striking features
a: no special abilities


You were on level 1 of the Dungeon.
You visited 1 branch of the dungeon, and saw 1 of its levels.

Inventory:

Hand Weapons
 a - a +0 hand axe (weapon)
Armour
 d - an orb of light (worn)
 i - a +0 leather armour (worn)
Scrolls
 e - 2 scrolls of teleportation {unknown}
Potions
 b - 2 potions of might {unknown}
 c - a potion of ambrosia
 f - a potion of curing {unknown}
 g - a potion of enlightenment {unknown}
 h - a potion of attraction {unknown}


   Skills:
 - Level 3.6 Fighting
 * Level 5.4 Axes
 - Level 2.4 Dodging


You had 2 spell levels left.
You didn't know any spells.
Your spell library contained the following spells:

 Spells                   Type           Power      Damage    Failure   Level
 Magic Dart               Conj           0%         1d3       43%         1
 Call Imp                 Summ           0%         N/A       56%         2
 Mephitic Cloud           Conj/Pois/Air  0%         N/A       80%         3


Dungeon Overview and Level Annotations

Branches:
Dungeon (1/15)

Altars:


Message History

You add the spells Magic Dart, Call Imp and Mephitic Cloud to your library.
You hit the dart slug.
The dart slug is heavily wounded.
The dart slug barely misses you.
You slash the dart slug!
You kill the dart slug!
b - 2 bubbling red potions A dart slug comes into view.
The dart slug launches a dart at you.
The slug dart hits you but does no damage.
You hit the dart slug.
The dart slug is severely wounded.
The dart slug launches a dart at you. The slug dart misses you.
You hit the dart slug.
You kill the dart slug!
You have reached level 3!
Your experience leads to an increase in your attributes!
Increase (S)trength, (I)ntelligence, or (D)exterity?
You feel stronger. x2
Found an escape hatch in the floor.
A kobold comes into view.
It is wielding a +1 dagger of electrocution.
The kobold shouts!
You hear an angry hiss.
You hit the kobold.
The kobold is moderately wounded.
The kobold hits you with a +1 dagger of electrocution.
You hit the kobold but do no damage.
The kobold is moderately wounded.
The kobold hits you with a +1 dagger of electrocution.
A frilled lizard comes into view.
You hit the kobold.
The kobold is severely wounded.
The kobold hits you with a +1 dagger of electrocution.
You are electrocuted!!
Ouch! That really hurt!
* * * LOW HITPOINT WARNING * * *
You barely miss the kobold.
The kobold is severely wounded.
The kobold hits you with a +1 dagger of electrocution.
You die...

# # #.## ##### ########
#... .... #......# ####
... #.####.# ####
####l## #.####.###...
#.....####.#..†.......
#.@.......#..#.....
......K#####......#.....
.....!. #####.##.....
#.#.#.# ######.####... #
# #. #......# #... #.
#......# ##.# # #......#
#.# #.>...## #.# #.....#
#.#


You could see a kobold and a frilled lizard.

Vanquished Creatures
  3 dart slugs (D:1)
  3 goblins (D:1)
  3 hobgoblins (D:1)
  A quokka (D:1)
  A ball python (D:1)
  3 bats (D:1)
  2 frilled lizards (D:1)
  A kobold (D:1)
  A rat (D:1)
18 creatures vanquished.

Notes
Turn   | Place    | Note
-------+----------+-------------------------------------------
     0 | D:1      | avis the Hill Orc Monk began the quest for the Orb.
     0 | D:1      | Reached XP level 1. HP: 19/19 MP: 1/1
    65 | D:1      | Reached XP level 2. HP: 24/26 MP: 2/2
   235 | D:1      | Reached skill level 5 in Axes
   477 | D:1      | Reached XP level 3. HP: 31/31 MP: 3/3
   511 | D:1      | Slain by a kobold

Illustrated notes

Levels and vault maps discovered:
D:1:      matt_arrival_diagonals, layout_loops_cross

Skill      XL: |  1  2 |
---------------+-------+-----
Axes           | 5 |  5.4
Fighting       | |  3.6
Dodging        | |  2.4

Action                     || total
---------------------------++-------
  Melee: Hand axe          ||    48
 Armour: Leather armour    ||     4
         Robe              ||     2
  Dodge: Dodged            ||    36

Table legend: (Time is in decaauts)
 A = Elapsed time spent in this place.
 B = Non-inter-level travel time spent in this place.
 C = Inter-level travel time spent in this place.
 D = Time resting spent in this place.
 E = Time spent auto-exploring this place.
 F = Levels seen in this place.
 G = Mean time per level.
                   A        B        C        D        E       F      G
               +--------+--------+--------+--------+--------+-----+--------+
         Total |    513 |    513 |      0 |      0 |    377 |   1 |  513.0 |
       Dungeon |    513 |    513 |      0 |      0 |    377 |   1 |  513.0 |
               +--------+--------+--------+--------+--------+-----+--------+

Top non-repeatable levels by time:
     D:1: 513 daAuts
